 Dungeon Crawl Stone Soup version 0.23-a0-180-ga5275e7 (webtiles) character file.

136 Inarius the Skirmisher (level 4, -3/38 HPs)
             Began as a Mummy Fighter on Sept 18, 2018.
             Killed by divine providence
             ... invoked by an orc priest
              (15 damage)
             ... on level 3 of the Dungeon.
             The game lasted 00:02:20 (1804 turns).

Inarius the Skirmisher (Mummy Fighter)              Turns: 1804, Time: 00:02:21

Health: -3/38      AC: 10    Str: 20    XL:     4   Next: 98%
Magic:  4/4        EV:  5    Int:  7    God:
Gold:   122        SH:  9    Dex: 11    Spells: 3/3 levels left

rFire    x . .     SeeInvis .   f - +2 dagger (flame)
rCold    + . .     Gourm    .   c - +0 shield
rNeg     + + +     Faith    .   j - +0 chain mail
rPois    ∞         Spirit   .   d - +0 helmet
rElec    .         Reflect  .   h - scarf {cloud immunity}
rCorr    .         Harm     .   (no gloves)
MR       .....                  (no boots)
Stlth    ..........             (no amulet)
HPRegen  0.12/turn              (no ring)
MPRegen  0.09/turn              (no ring)

@: no status effects
A: no food or potions, fire vulnerability, cold resistance 1, negative energy
resistance 3, torment resistance, unbreathing
a: no special abilities


You were on level 3 of the Dungeon.
You were not hungry.

You visited 1 branch of the dungeon, and saw 3 of its levels.

You collected 122 gold pieces.

Inventory:

Hand Weapons
 a - a +0 war axe
 f - a +2 dagger of flaming (weapon)
Missiles
 b - 4 tomahawks (quivered)
Armour
 c - a +0 shield (worn)
 d - a +0 helmet (worn)
 h - a scarf of cloud immunity (worn)
 j - a +0 chain mail (worn)
Scrolls
 e - a scroll of amnesia {unknown}
 g - a scroll of magic mapping {unknown}
 i - a scroll of remove curse {unknown}
 k - a scroll of enchant weapon {unknown}


   Skills:
 * Level 4.4 Fighting
 - Level 1.5 Axes
 + Level 2.8 Armour
 + Level 3.5 Shields


You had 3 spell levels left.
You didn't know any spells.
Your spell library was empty.

Dungeon Overview and Level Annotations

Branches:
Dungeon (3/15)

Altars:


Innate Abilities, Weirdness & Mutations

You do not eat or drink.
Your flesh is vulnerable to fire.
You are immune to poison.
Your flesh is cold resistant. (rC+)
You are immune to negative energy. (rN+++)
You are immune to unholy pain and torment.
You can survive without breathing.


Message History

There are monsters nearby!
There are monsters nearby!
An orc priest comes into view.
The orc priest shouts!
The orc shouts!
An adder comes into view.
Found a stone staircase leading up.
The orc hits you but does no damage. The orc hits you but does no damage.
You hit the orc. You burn the orc.
You kill the orc!
You closely miss the orc priest.
The orc priest miscasts a cantrip.
The orc priest mumbles some strange prayers to Beogh against you.
Beogh smites you!
You hit the orc priest but do no damage.
The orc priest calls down the wrath of Beogh upon you.
Beogh smites you!
The orc priest invokes the aid of Beogh against you.
Beogh smites you!
You die...

#### #..<...# #...
##.$....# #... .......#
#... #......# #... #
#......# #... #..
#......# #...
#...S###......# .....#
#...ooo@....####..###.##
#....#####†......####.#
#.. ##.###........## ...
##......####.....
#.#.####...##### #.####
#..........# ####.#
##.....##.## #....#
#...#...!.# ###.####
...#.#....†# #...#


You could see 2 orc priests, an adder and an orc.

Vanquished Creatures
  An orc wizard (D:3)
  Robin (D:2)
  2 adders
  3 worms
  A leopard gecko (D:1)
  6 orcs (D:3)
  8 bats
  3 giant cockroaches (D:1)
  9 goblins
  12 hobgoblins
  2 jackals (D:2)
  2 quokkas (D:3)
  3 frilled lizards
  2 kobolds
  3 rats
58 creatures vanquished.

Notes
Turn   | Place    | Note
-------+----------+-------------------------------------------
     0 | D:1      | Inarius the Mummy Fighter began the quest for the Orb.
     0 | D:1      | Reached XP level 1. HP: 18/18 MP: 1/1
   262 | D:1      | Reached XP level 2. HP: 24/24 MP: 2/2
   810 | D:2      | Noticed Robin
   819 | D:2      | Reached XP level 3. HP: 29/29 MP: 3/3
   840 | D:2      | Killed Robin
   840 | D:2      | Reached skill level 4 in Fighting
  1123 | D:2      | Reached XP level 4. HP: 34/37 MP: 4/4
  1743 | D:3      | Found a faded altar of an unknown god.
  1804 | D:3      | Killed from afar by an orc priest

Vault maps used:
D:1:      ebering_trefoil_twist
D:2:      minmay_pentomino_o4, uniq_robin
D:3:      chequers_ecumenical_altar_simple, minmay_misc_feat_chi

Skill      XL: |  1  2  3 |
---------------+----------+-----
Fighting       | 4 |  4.4
Shields        | 3 |  3.5
Axes           | |  1.5
Armour         | |  2.8

Action                   |  1- 3 |  4- 6 || total
-------------------------+-------+-------++-------
Melee: War axe           |   116 |       ||   116
       Dagger            |    24 |    70 ||    94
Throw: Tomahawk          |       |     2 ||     2
Armor: Scale mail        |    77 |       ||    77
       Chain mail        |       |    18 ||    18
Dodge: Dodged            |    75 |    17 ||    92
Block: Shield            |    95 |    33 ||   128

Table legend:
 A = Non-vault XP
 B = Vault XP
 C = Vault XP percentage of total XP
 D = Non-vault monster count
 E = Vault monster count
 F = Vault count percentage of total count
                 A         B        C        D         E       F
            +---------+---------+-------+---------+---------+-------
      Total |     153 |      42 |  21.5 |      45 |      13 |  22.4
            +---------+---------+-------+---------+---------+-------
        D:1 |      33 |       0 |   0.0 |      19 |       0 |   0.0
        D:2 |      34 |      42 |  55.3 |      11 |      13 |  54.2
        D:3 |      86 |       0 |   0.0 |      15 |       0 |   0.0
            +---------+---------+-------+---------+---------+-------
